 Dungeon Crawl Stone Soup version 0.29.1-15-g9cfb28693d (webtiles) character file.

Game seed: 2632519398969213713

79 redmage the Digger (level 4, -1/33 HPs)
             Began as a Meteoran Earth Elementalist on Oct 17, 2023.
             Killed from afar by a white imp (5 damage)
             ... with a puff of frost
             ... summoned by Eustachio
             ... on level 4 of the Dungeon.
             The game lasted 00:03:59 (292 turns).

redmage the Digger (Meteoran Earth Elementalist)     Turns: 292, Time: 00:04:01

Health: -1/33      AC:  2    Str: 10    XL:     4   Next: 94%
Magic:  9/11       EV: 12    Int: 18    God:
Gold:   25         SH:  0    Dex: 14    Spells: 5/11 levels left

rFire   . . .      SeeInvis .   c - +0 dagger
rCold   . . .      Faith    .   (no shield)
rNeg    . . .      Spirit   .   a - +0 robe
rPois   .          Reflect  .   (no helmet)
rElec   .          Harm     .   (no cloak)
rCorr   .          Rampage  .   (no gloves)
Will    .....                   (no boots)
Stlth   +.........              g - amulet of magic regeneration
HPRegen 0.11/turn               (no ring)
MPRegen 0.52/turn               (no ring)

@: flying, glowing
A: sense surroundings 1, otherworldly, glowing, explore regen
a: no special abilities


You were on level 4 of the Dungeon.
You visited 1 branch of the dungeon, and saw 4 of its levels.

You collected 25 gold pieces.

Inventory:

Hand Weapons
 c - a +0 dagger (weapon)
Armour
 a - a +0 robe (worn)
Jewellery
 g - an amulet of magic regeneration (around neck)
Scrolls
 f - 2 scrolls of identify {unknown}
Potions
 b - a potion of magic


   Skills:
 - Level 2.4 Dodging
 - Level 1.4 Stealth
 + Level 4.1 Spellcasting
 + Level 1.5 Conjurations
 - Level 1.2 Transmutations
 + Level 4.8 Earth Magic


You had 5 spell levels left.
You knew the following spells:

 Your Spells              Type           Power      Damage    Failure   Level
a - Sandblast             Erth           42%        2d11      1%          1
b - Passwall              Tmut/Erth      11%        N/A       6%          2
c - Stone Arrow           Conj/Erth      30%        3d8       12%         3

Your spell library contained the following spells:

 Spells                   Type           Power      Damage    Failure   Level
 Petrify                  Tmut/Erth      14%        N/A       38%         4


Dungeon Overview and Level Annotations

Branches:
Dungeon (4/15) Zot: 2085
 Temple: D:4-7

Altars:

Annotations:
D:4 Eustachio


Innate Abilities, Weirdness & Mutations

You passively map a small area around you.
You are easily found by Zot.
You glow in the dark.
You regain HP and MP as you explore.


Message History

Casting: Sandblast (safe; 1% risk of failure)
Confirm with . or Enter, or press ? or * to list all spells.
Aiming: Sandblast (safe; 1% risk of failure)
Press: ? - help, Shift-Dir - straight line, f/p - goblin
Aim: a goblin, wielding a +0 club (79% to hit)
The blast of sand hits the goblin!
You kill the goblin!
The hobgoblin shouts!
You hear an angry hiss.
You hear a shout!
The white imp closely misses you. The white imp hits you.
The white imp freezes you.
* * * LOW HITPOINT WARNING * * *
You feel better. The white imp hits you. The white imp freezes you.
* * * LOW HITPOINT WARNING * * *
Your magical contamination has completely faded away.
It was a potion of flight.
You feel very buoyant.
You fly up into the air.
The white imp hits you.
* * * LOW HITPOINT WARNING * * *
The white imp freezes you.
* * * LOW HITPOINT WARNING * * *
Eustachio mumbles some strange words.
Casting: Sandblast (safe; 1% risk of failure)
Confirm with . or Enter, or press ? or * to list all spells.
Aiming: Sandblast (safe; 1% risk of failure)
Press: ? - help, Shift-Dir - straight line, f - white imp
Aim: a white imp (summoned, 83% to hit)
The blast of sand hits the white imp!
The white imp is almost dead.
The white imp misses you.
Eustachio gestures wildly while chanting.
Eustachio blinks!
Casting: Sandblast (safe; 1% risk of failure)
Confirm with . or Enter, or press ? or * to list all spells.
Aiming: Sandblast (safe; 1% risk of failure)
Press: ? - help, Shift-Dir - straight line, p - white imp The blast of sand hits Eustachio but does no damage.
The white imp misses you. The white imp gestures at you.
The puff of frost hits you.
You die...

, * , , * , ,,
, *, * *, * * *
,* , ** #*, *
*.##
#.#######...#.#
#..@@5brg.....#
#.#######...###
, .## * , g. ,
,, @# * #, * *
, * *, ,, * *


You could see Eustachio, a river rat (summoned), a white imp (summoned), a
hobgoblin and a bat (summoned).

Vanquished Creatures
  2 adders
  3 gnolls (D:4)
  A worm (D:2)
  A dart slug (D:3)
  4 orcs (D:3)
  A ball python (D:3)
  2 endoplasms
  2 giant cockroaches
  A goblin (D:4)
  3 hobgoblins
  3 bats
  2 kobolds
25 creatures vanquished.

Notes
Turn   | Place    | Note
-------+----------+-------------------------------------------
     0 | D:1      | redmage the Meteoran Earth Elementalist began the quest for
                  | the Orb.
     0 | D:1      | Reached XP level 1. HP: 14/14 MP: 5/5
    61 | D:2      | Reached XP level 2. HP: 20/20 MP: 5/7
   123 | D:2      | Learned a level 2 spell: Passwall
   129 | D:2      | Reached XP level 3. HP: 25/26 MP: 6/8
   177 | D:3      | Learned a level 3 spell: Stone Arrow
   220 | D:3      | Reached XP level 4. HP: 21/33 MP: 5/10
   229 | D:3      | Reached skill level 1 in Conjurations
   273 | D:4      | Noticed Eustachio
   292 | D:4      | Killed from afar by a white imp

Illustrated notes

Levels and vault maps discovered:
D:1:      dpeg_arrival_three_same_balls, layout_basic
D:2:      layout_loops_ring, basic_altar, ebering_ecumenical_altar_hall
D:3:      layout_basic, gammafunk_temple_overflow_statue, serial_shops, shop
D:4:      layout_loops_ring, uniq_duvessa, uniq_pikel, uniq_eustachio

Skill      XL: |  1  2  3  4 |
---------------+-------------+-----
Spellcasting   | 3 4 |  4.1
Earth Magic    | 4 |  4.8
Conjurations   | 1 |  1.5
Dodging        | |  2.4
Stealth        | |  1.4
Transmutations | |  1.2

Action                   |  1- 3 |  4- 6 || total
-------------------------+-------+-------++-------
Melee: Dagger            |     2 |       ||     2
       Punch             |     1 |       ||     1
 Cast: Sandblast         |    28 |    17 ||    45
       Passwall          |     1 |       ||     1
  Use: Potion            |       |     3 ||     3
Armor: Robe              |     4 |     3 ||     7
Dodge: Dodged            |    12 |    10 ||    22
